Construct Infanterie Kompanie
Selects Luftwaffe Battlegroup
Selects Luftwaffe Pioneer Support
Fallschirmpioneer Squad Paradrop
Selects Stuka Strafing Run
Construct Luftwaffe Kompanie
Flak 30 Anti-aircraft Gun Team
Selects Fallschirmjäger Squad Paradrop
Fallschirmjäger Squad Paradrop
Marder III M Tank Destroyer
Fallschirmjäger Squad Paradrop
Selects Flak 38 Anti-Air Emplacement
Selects Flak 36 Anti-tank Gun Emplacement
Fallschirmpioneer Squad Paradrop
Selects Fragmentation Bombs